 Dungeon Sprint DCSS version 0.18.1-8-gdd0e5ea (webtiles) character file.

1003 Groucho the Martial Artist (level 8, -8/73 HPs)
             Began as an Octopode Transmuter on May 22, 2016.
             Was a Priest of Sif Muna.
             Mangled by a catoblepas (10 damage)
             ... in the Dungeon (Sprint IX: "|||||||||||||||||||||||||||||").
             The game lasted 00:02:41 (1013 turns).

Groucho the Martial Artist (Octopode Transmuter)    Turns: 1013, Time: 00:02:41

Health: -8/73      AC:  6    Str: 12    XL:     8   Next: 20%
Magic:  16/19      EV:  1    Int: 18    God:    Sif Muna [***...]
Gold:   0          SH:  0    Dex: 15    Spells: 4 memorised, 8 levels left

rFire  x . .     SeeInvis .       - Unarmed
rCold  + + +     Gourm    .     (shield currently unavailable)
rNeg   + + +     Faith    .     (helmet currently unavailable)
rPois  ∞         Spirit   .     (no amulet)
rElec  .         Dismiss  .     n - +3 ring of strength
rCorr  .         Reflect  .     o - +3 ring of dexterity
SustAt .         Harm     .     (no ring)
MR     .....     NoTele   +     (no ring)
Stlth  +.........               (no ring)
                                (no ring)
                                (no ring)
                                (no ring)

@: ice-form, petrified, not resistant to hostile enchantments, very unstealthy
A: almost no armour, amphibious, 8 rings, (constrict 8), (camouflage 0),
(gelatinous body 0)
a: End Transformation, Channel Energy, Renounce Religion


You were in the Dungeon.
You worshipped Sif Muna.
Sif Muna was most pleased with you.
You were hungry.
You were a creature of crystalline ice.
You visited 1 branch

Inventory:

Missiles
 a - 20 arrows
Jewellery
 n - a +3 ring of strength (left front paw)
 o - a +3 ring of dexterity (right front paw)
Wands
 m - a wand of acid (7/15)
Scrolls
 i - 2 scrolls of blinking
 k - 3 scrolls of remove curse
 l - 2 scrolls of amnesia
Potions
 d - 5 potions of curing
 e - a potion of heal wounds
 f - a potion of haste
 g - 4 potions of magic
 h - a potion of berserk rage
 j - a potion of invisibility
Books
 b - a book of Changes

   Spells                             Type                      Level
   a - Beastly Appendage              Transmutation                1
   b - Sticks to Snakes               Transmutation                2
   c - Spider Form                    Transmutation/Poison         3
   d - Ice Form                       Ice/Transmutation            4
   e - Blade Hands                    Transmutation                5
Comestibles
 c - a bread ration


   Skills:
 * Level 7.8 Fighting
 * Level 7.9 Dodging
 * Level 8.3 Unarmed Combat
 * Level 7.4 Spellcasting
 + Level 7.7 Transmutations
 + Level 1.9 Ice Magic
 + Level 2.3 Poison Magic
 + Level 2.0 Invocations


You had 8 spell levels left.
You knew the following spells:

 Your Spells              Type           Power        Failure   Level  Hunger
a - Beastly Appendage     Trmt           ####..       1%          1    None
b - Spider Form           Trmt/Pois      ###.......   4%          3    #......
c - Blade Hands           Trmt           ####......   14%         5    #####..
d - Ice Form              Ice/Trmt       ###.....     17%         4    ###....


Dungeon Overview and Level Annotations

Branches:
Dungeon (1/1)

Altars:
Cheibriados
Dithmenos
Elyvilon
Fedhas
Gozag
Kikubaaqudgha
Makhleb
Nemelex Xobeh
Okawaru
Pakellas
Qazlal
Ru
Sif Muna
Trog
Vehumet
Xom
Yredelemnul
Zin
The Shining One
Beogh
Jiyva
Lugonu


Innate Abilities, Weirdness & Mutations

You cannot wear most types of armour.
You are amphibious.
You can wear up to eight rings at the same time.
((You can use your tentacles to constrict eight enemies at once.))
((Your skin changes colour to match your surroundings (Stealth).))
((Your rubbery body absorbs attacks (AC +1).))


Message History

You are engulfed in calcifying dust.
The catoblepas gores you!!
* * * LOW HITPOINT WARNING * * *
Drink which item? (? for menu, Esc to quit)
You feel much better.
You are engulfed in calcifying dust.
The catoblepas gores you!
You hit the catoblepas. You freeze the catoblepas.
The catoblepas is lightly wounded.
You are engulfed in calcifying dust.
You are slowing down.
The catoblepas gores you but does no damage.
You hit the catoblepas. You freeze the catoblepas.
The catoblepas is lightly wounded.
You are engulfed in calcifying dust.
Your limbs have turned to stone.
The catoblepas barely misses you.
You have turned to stone.
You are engulfed in calcifying dust.
The catoblepas gores you!!
* * * LOW HITPOINT WARNING * * *
The catoblepas gores you!!
* * * LOW HITPOINT WARNING * * *
The catoblepas gores you!!
You die... ▓▓▓▓▓▓▓▓▓▓▓▓▓▓▓▓▓▓▓▓▓▓▓ .|)[[[..'()....'YYKZsY+ ▓▓▓▓▓▓▓▓▓▓▓▓▓▓▓▓▓▓▓▓▓▓▓

You could see a catoblepas, an ice beast, a big kobold, a scorpion and a bat zombie.

Vanquished Creatures
  A hill giant (D)
  An ugly thing (D)
  A centaur (D)
  A killer bee (D)
  A crimson imp (D)
  A hound (D)
  A dart slug (D)
  A giant gecko (D)
  2 orcs (D)
  A bat skeleton (D)
  A hobgoblin (D)
  A ball python (D)
  A bat (D)
  A quokka zombie (D)
  2 rats (D)
17 creatures vanquished.

Notes
Turn   | Place    | Note
--------------------------------------------------------------
     0 | D        | Groucho the Octopode Transmuter began the quest for the Orb.
     0 | D        | Reached XP level 1. HP: 13/13 MP: 3/3
   109 | D        | Noticed a crimson imp
   116 | D        | Killed a crimson imp
   116 | D        | Reached skill level 4 in Unarmed Combat
   116 | D        | Reached XP level 2. HP: 18/21 MP: 4/6
   116 | D        | Reached XP level 3. HP: 22/26 MP: 4/7
   357 | D        | Found a glowing silver altar of Zin.
   357 | D        | Found a glowing golden altar of the Shining One.
   357 | D        | Found an ancient bone altar of Kikubaaqudgha.
   357 | D        | Found a basalt altar of Yredelemnul.
   357 | D        | Found a shimmering altar of Xom.
   357 | D        | Found a radiant altar of Vehumet.
   358 | D        | Found an iron altar of Okawaru.
   359 | D        | Found a burning altar of Makhleb.
   360 | D        | Found a deep blue altar of Sif Muna.
   361 | D        | Found a bloodstained altar of Trog.
   362 | D        | Found a sparkling altar of Nemelex Xobeh.
   363 | D        | Found a white marble altar of Elyvilon.
   364 | D        | Found a roughly hewn altar of Beogh.
   365 | D        | Found a viscous altar of Jiyva.
   366 | D        | Found a corrupted altar of Lugonu.
   367 | D        | Found a blossoming altar of Fedhas.
   368 | D        | Became a worshipper of Sif Muna the Loreminder
   369 | D        | Found a snail-covered altar of Cheibriados.
   370 | D        | Found a shadowy altar of Dithmenos.
   371 | D        | Found a stormy altar of Qazlal.
   372 | D        | Found an opulent altar of Gozag.
   373 | D        | Found a sacrificial altar of Ru.
   374 | D        | Found an oddly glowing altar of Pakellas.
   405 | D        | Learned a level 3 spell: Spider Form
   407 | D        | Noticed a centaur
   407 | D        | Noticed a killer bee
   407 | D        | Noticed a hill giant
   426 | D        | Killed a hill giant
   426 | D        | Reached * piety under Sif Muna
   426 | D        | Reached ** piety under Sif Muna
   426 | D        | Reached skill level 7 in Unarmed Combat
   426 | D        | Reached XP level 4. HP: 27/36 MP: 6/12
   426 | D        | Reached XP level 5. HP: 31/42 MP: 6/13
   426 | D        | Reached XP level 6. HP: 35/47 MP: 6/15
   426 | D        | Reached XP level 7. HP: 39/53 MP: 6/16
   759 | D        | Learned a level 5 spell: Blade Hands
   764 | D        | Learned a level 4 spell: Ice Form
   995 | D        | Noticed a purple ugly thing
   995 | D        | Noticed a catoblepas
  1006 | D        | Killed a purple ugly thing
  1006 | D        | Reached *** piety under Sif Muna
  1006 | D        | Reached skill level 8 in Unarmed Combat
  1006 | D        | Reached skill level 1 in Ice Magic
  1006 | D        | Reached XP level 8. HP: 42/61 MP: 15/19
  1012 | D        | HP: 2/73 [catoblepas (9)]
  1013 | D        | Mangled by a catoblepas

Skill      XL: |  1  2  3  4  5  6  7 |
---------------+----------------------+-----
Fighting       | 3 6 7 |  7.8
Dodging        | 3 6 7 |  7.9
Unarmed Combat | 4 7 8 |  8.3
Spellcasting   | 3 6 7 |  7.4
Transmutations | 3 6 7 |  7.7
Ice Magic      | 1 |  1.9
Poison Magic   | 2 |  2.3
Invocations    | 2 |  2.0

Action                   |  1- 3 |  4- 6 |  7- 9 || total
-------------------------+-------+-------+-------++-------
Melee: Unarmed           |    37 |       |    19 ||    56
       Constrict         |     5 |       |     2 ||     7
       Kick              |     4 |       |       ||     4
       Tentacles         |     2 |       |     3 ||     5
       Punch             |     1 |       |       ||     1
 Cast: Beastly Appendage |     1 |       |       ||     1
       Spider Form       |     1 |       |       ||     1
       Ice Form          |       |       |     1 ||     1
  Use: Potion            |     1 |       |     1 ||     2
 Stab: Sleeping          |     2 |       |       ||     2
Armor: Skin              |     3 |       |     3 ||     6
Dodge: Dodged            |    20 |       |    10 ||    30
